 Dungeon Crawl Stone Soup version 0.21-a0-186-g02e8684 (webtiles) character file.

26254 SpiderQueen the Cruncher (level 12, -4/94 HPs)
             Began as a Demonspawn Gladiator on Aug 13, 2017.
             Was an Elder of Makhleb.
             Slain by a komodo dragon (11 damage)
             ... on level 5 of the Lair of Beasts.
             The game lasted 00:42:49 (20220 turns).

SpiderQueen the Cruncher (Demonspawn Gladiator)    Turns: 20220, Time: 00:42:50

Health: -4/94      AC: 26    Str: 20    XL:     12   Next: 96%
Magic:  0/19       EV: 10    Int: 11    God:    Makhleb [****..]
Gold:   1027       SH:  0    Dex: 18    Spells: 6/11 levels left

rFire    + . .     SeeInvis .   y - +1 quarterstaff
rCold    + . .     Gourm    .   (shield currently unavailable)
rNeg     + . .     Faith    .   d - +0 chain mail {rPois}
rPois    +         Spirit   +   R - +0 helmet
rElec    .         Reflect  .   l - +0 cloak
rCorr    .         Harm     .   Z - +1 pair of gloves
MR       .....                  C - +0 pair of boots
Stlth    ..........             (no amulet)
HPRegen  0.25/turn              W - ring of protection from cold
MPRegen  0.16/turn              a - ring of positive energy

@: mighty, sanguine armour
A: claws 2, demonic guardian 1, fire resistance 1, magic shield, sanguine armour
2
a: Minor Destruction, Lesser Servant of Makhleb, Major Destruction, Renounce
Religion


You were on level 5 of the Lair of Beasts.
You worshipped Makhleb.
Makhleb was greatly pleased with you.
You were not hungry.

You visited 3 branches of the dungeon, and saw 16 of its levels.
You also visited: Ossuary.

You collected 1027 gold pieces.

Inventory:

Hand Weapons
 y - a +1 quarterstaff (weapon)
Armour
 d - a +0 chain mail of poison resistance (worn)
 l - a +0 cloak (worn)
 C - a +0 pair of boots (worn)
 R - a +0 helmet (worn)
 Z - a +1 pair of gloves (worn)
Magical Staves
 n - an uncursed staff of fire
 P - an uncursed staff of cold
Jewellery
 a - a ring of positive energy (right hand)
 D - an uncursed ring of protection from fire {unknown}
 L - an uncursed ring of flight
 U - an uncursed ring of positive energy
 W - a ring of protection from cold (left hand)
 X - a cursed ring of loudness {unknown}
Wands
 h - a wand of digging (15/24)
 z - a wand of iceblast (3/15)
 B - a wand of enslavement (14/24)
 E - a wand of lightning (7/15)
 M - a wand of paralysis (8/24)
 O - a wand of scattershot (2/9)
 S - a wand of paralysis (10/24)
 V - a wand of enslavement (13/24)
Scrolls
 b - 2 scrolls of torment
 c - a scroll of blinking {unknown}
 g - a scroll of fear {unknown}
 m - 9 scrolls of remove curse
 o - 4 scrolls of magic mapping
 x - 4 scrolls of enchant armour
 A - a scroll of holy word {unknown}
 H - 3 scrolls of recharging
 K - 7 scrolls of teleportation
 T - a scroll of fog
Potions
 i - 5 potions of curing
 j - 6 potions of might
 k - 2 potions of mutation
 s - 3 potions of ambrosia
 t - a potion of flight
 v - a potion of invisibility
 F - a potion of berserk rage
 I - a potion of brilliance {unknown}
 J - a potion of resistance {unknown}
 Q - 4 potions of agility
 Y - 3 potions of magic
Books
 e - a book of the Earth

   Spells                             Type                      Level
   a - Leda's Liquefaction            Hexes/Earth                  4
   b - Bolt of Magma                  Conjuration/Fire/Earth       5
   c - Statue Form                    Transmutation/Earth          6
   d - Iron Shot                      Conjuration/Earth            6
   e - Shatter                        Earth                        9
 p - a book of Geomancy

   Spells                             Type                      Level
   a - Sandblast                      Earth                        1
   b - Passwall                       Transmutation/Earth          2
   c - Stone Arrow                    Conjuration/Earth            3
   d - Petrify                        Transmutation/Earth          4
   e - Lee's Rapid Deconstruction     Earth                        5
 q - a book of Beasts

   Spells                             Type                      Level
   a - Summon Butterflies             Summoning                    1
   b - Call Canine Familiar           Summoning                    3
   c - Summon Ice Beast               Ice/Summoning                4
   d - Summon Mana Viper              Hexes/Summoning              5
   e - Summon Hydra                   Summoning                    7
 N - a book of Misfortune

   Spells                             Type                      Level
   a - Confusing Touch                Hexes                        1
   b - Confuse                        Hexes                        3
   c - Gell's Gravitas                Translocation                3
   d - Petrify                        Transmutation/Earth          4
   e - Metabolic Englaciation         Hexes/Ice                    5
   f - Yara's Violent Unravelling     Hexes/Transmutation          5
Miscellaneous
 G - a lamp of fire
Comestibles
 f - 4 bread rations
 r - 5 meat rations
 u - 11 fruits
 w - 6 royal jellies


   Skills:
 + Level 8.5 Fighting
 + Level 14.0 Staves
 - Level 1.7 Throwing
 + Level 9.0 Armour
 + Level 4.4 Dodging
 - Level 10.0 Invocations
 * Level 3.7 Evocations


You had 6 spell levels left.
You knew the following spells:

 Your Spells              Type           Power        Failure   Level  Hunger
a - Bolt of Magma         Conj/Fire/Erth #.........   100%        5    ######.


Dungeon Overview and Level Annotations

Branches:
Dungeon (9/15)             Temple (1/1) D:7            Lair (6/6) D:9
 Shoals (0/4) Lair:3        Snake (0/4) Lair:3          Orc (0/2) D:9
  Slime: Lair:5-6

Altars:
Ashenzari
Cheibriados
Dithmenos
Elyvilon
Fedhas
Gozag
Hepliaklqana
Kikubaaqudgha
Makhleb
Nemelex Xobeh
Okawaru
Sif Muna
Trog
Uskayaw
Vehumet
Wu Jian
Yredelemnul
Zin
The Shining One

Shops:
D:6 }

Annotations:
D:9 3 runed doors, exclusion: orange crystal statue
Lair:4 exclusion: 3 oklob plants


Innate Abilities, Weirdness & Mutations

You have very sharp fingernails.
A weak demonic guardian rushes to your aid.
Your flesh is heat resistant. (rF+)
When hurt, damage is shared between your health and your magic reserves.
When seriously injured, your bleeding wounds create thick armour. (AC +9)


Message History

The blink frog blinks!
You barely miss the blink frog.
The blink frog is almost dead.
The blink frog hits you but does no damage.
Unknown command.
You completely miss the blink frog.
The blink frog is severely wounded.
The blink frog blinks!
Your white imp gestures at the blink frog.
The puff of frost hits the blink frog.
The blink frog dies!
Makhleb accepts your kill. The komodo dragon bites you!
* * * LOW HITPOINT WARNING * * *
Unknown command.
Your white imp completely misses the komodo dragon.
You bludgeon the komodo dragon!!
The komodo dragon is heavily wounded.
The komodo dragon bites you!
You die...

### #####.# ######## ##
#P#.#.####.##.#.#####...
........................
...............5........
.........F.....l@.......
P.#..#.......#.#.#.#.#..
#...#.##......##....#
..#..#.##....###...##
..#...###.....##....#
..P...# #....#.#...#..
.P.P.PP......##.....##.
.#. P...P....# ....#.#
.# ....$..ยง.# ##..#


You could see a komodo dragon, a blink frog and a friendly white imp.

Vanquished Creatures
  The ghost of WhatIsLove the Thaumaturge, a journeyman DEFE of Sif Muna (Lair:4)
  2 hydras
  A fire crab (Lair:5)
  A lindwurm (Lair:5)
  The ghost of temujin the Thaumaturge, a novice DEFE of Vehumet (D:7)
  Pikel (D:7)
  10 elephants
  A black mamba (Lair:6)
  Maurice (D:8)
  5 spiny frogs
  A gargoyle (D:9)
  3 komodo dragons
  2 polar bears
  Grinder (D:3)
  Prince Ribbit (D:6)
  9 hippogriffs
  6 dream sheep
  10 blink frogs
  10 yaks
  2 wyverns
  4 basilisks
  A naga (Lair:3)
  2 wargs (D:9)
  12 water moccasins
  7 porcupines
  A black bear (Lair:6)
  2 sky beasts
  5 orc warriors (D:9)
  5 ice beasts
  4 ogres
  A centaur (D:8)
  A phantom (D:4)
  8 wolves
  10 crocodiles
  9 bullfrogs
  6 scorpions
  9 killer bees (D:8)
  A howler monkey (D:5)
  4 crimson imps
  A quasit (D:9)
  5 hounds
  A jelly (D:8)
  5 orc priests
  2 iguanas
  Ijyb (D:3)
  Natasha (thrice) (D:3)
  8 orc wizards
  6 worker ants
  2 hound zombies (D:6)
  8 mummies (Ossuary)
  3 gnolls (D:5)
  A howler monkey skeleton (D:4)
  13 adders
  A shadow imp (D:5)
  An adder skeleton (D:4)
  A dart slug (D:3)
  2 worms
  2 leopard geckos
  28 orcs
  8 bats
  6 giant cockroaches
  2 gnoll zombies (Ossuary)
  5 goblins
  5 hobgoblins
  12 jackals
  5 kobolds
  4 quokkas
  4 ball pythons
  6 frilled lizards
  3 hobgoblin zombies (Ossuary)
  2 kobold zombies (Ossuary)
  An orc zombie (Ossuary)
  A quokka skeleton (D:4)
  10 rats
  A fungus (Lair:3)
330 creatures vanquished.

Vanquished Creatures (collateral kills)
  2 komodo dragons (Lair:2)
  A polar bear (Lair:6)
  A blink frog (Lair:5)
  4 dream sheep (Lair:4)
  2 hippogriffs
  2 yaks
  A basilisk (Lair:6)
  2 crocodiles (Lair:3)
  3 orc wizards
  An adder (Lair:3)
  A leopard gecko (D:5)
  2 orcs
  A jackal (D:6)
23 creatures vanquished.

Vanquished Creatures (others)
  A warg (D:9)
  8 fungi
  8 plants
17 creatures vanquished.

Grand Total: 370 creatures vanquished

Notes
Turn   | Place    | Note
-------+----------+-------------------------------------------
     0 | D:1      | SpiderQueen the Demonspawn Gladiator began the quest for the Orb.
     0 | D:1      | Reached XP level 1. HP: 16/16 MP: 1/1
   107 | D:1      | Reached skill level 3 in Staves
   172 | D:1      | Gained mutation: When seriously injured, your bleeding wounds create armour. (AC +9) [demonic ancestry]
   172 | D:1      | Reached XP level 2. HP: 16/22 MP: 2/2
   680 | D:1      | Reached XP level 3. HP: 26/27 MP: 3/3
   872 | D:2      | Found a blossoming altar of Fedhas.
   872 | D:2      | Found a hazy altar of Hepliaklqana.
   996 | D:2      | Reached skill level 4 in Staves
  1181 | D:2      | Found an iron altar of Okawaru.
  1986 | D:3      | Gained mutation: When hurt, damage is shared between your health and your magic reserves. [demonic ancestry]
  1986 | D:3      | Reached XP level 4. HP: 33/33 MP: 4/4
  2122 | D:3      | Noticed Grinder
  2123 | D:3      | Paralysed by Grinder for 4 turns
  2134 | D:3      | Paralysed by Grinder for 5 turns
  2154 | D:3      | Paralysed by Grinder for 3 turns
  2173 | D:3      | Killed Grinder
  2173 | D:3      | Reached skill level 6 in Staves
  2173 | D:3      | Gained mutation: When seriously injured, your bleeding wounds create thick armour. (AC +9) [demonic ancestry]
  2173 | D:3      | Reached XP level 5. HP: 3/38 MP: 0/5
  2173 | D:3      | Reached XP level 6. HP: 4/44 MP: 0/6
  2510 | D:3      | Found a faded altar of an unknown god.
  2563 | D:3      | Noticed Natasha
  2572 | D:3      | Killed Natasha
  2654 | D:3      | Noticed Natasha
  2677 | D:3      | Killed Natasha
  2957 | D:3      | Found a shadowy altar of Dithmenos.
  2957 | D:3      | Found a radiant altar of Vehumet.
  3049 | D:3      | Noticed Natasha
  3058 | D:3      | Killed Natasha
  3201 | D:3      | Noticed Ijyb
  3212 | D:3      | Killed Ijyb
  3398 | D:3      | Reached skill level 1 in Armour
  3452 | D:3      | Reached skill level 7 in Staves
  3773 | D:4      | Gained mutation: A weak demonic guardian rushes to your aid. [demonic ancestry]
  3773 | D:4      | Reached XP level 7. HP: 23/50 MP: 5/7
  4539 | D:4      | Found a sparkling altar of Nemelex Xobeh.
  4620 | D:4      | Found an ancient bone altar of Kikubaaqudgha.
  4713 | D:5      | Entered Level 5 of the Dungeon
  4790 | D:5      | Reached skill level 8 in Staves
  5003 | D:5      | Reached XP level 8. HP: 21/57 MP: 3/8
  5472 | D:6      | Noticed Prince Ribbit
  5480 | D:6      | Reached skill level 9 in Staves
  5861 | D:6      | Killed Prince Ribbit
  6155 | D:6      | Found Poal's Gadget Boutique.
  6393 | D:7      | Noticed temujin's ghost (novice DEFE)
  6467 | D:7      | Killed temujin's ghost
  6467 | D:7      | Reached skill level 10 in Staves
  6467 | D:7      | Gained mutation: You have sharp fingernails. [demonic ancestry]
  6467 | D:7      | Reached XP level 9. HP: 34/64 MP: 4/9
  6528 | D:7      | Found a sand-covered staircase.
  6533 | Ossuary  | Entered an ossuary
  7479 | D:7      | Found a staircase to the Ecumenical Temple.
  7490 | Temple   | Entered the Ecumenical Temple
  7535 | Temple   | Became a worshipper of Makhleb the Destroyer
  7714 | D:7      | Noticed Pikel
  7736 | D:7      | Killed Pikel
  8257 | D:8      | Reached skill level 11 in Staves
  8781 | D:8      | Gained mutation: You have very sharp fingernails. [demonic ancestry]
  8781 | D:8      | Reached XP level 10. HP: 61/72 MP: 10/12
  8942 | D:8      | Reached * piety under Makhleb
  8986 | D:8      | Noticed Maurice
  9036 | D:8      | Killed Maurice
  9036 | D:8      | Reached skill level 5 in Armour
  9737 | D:9      | Found a bloodstained altar of Trog.
  9777 | D:9      | Reached skill level 5 in Fighting
 10194 | D:9      | Found a runed door.
 10215 | D:9      | Found a runed door.
 10226 | D:9      | Found a runed door.
 10249 | D:9      | Found a runed door.
 10259 | D:9      | Found a staircase to the Lair.
 10309 | D:9      | Found a staircase to the Orcish Mines.
 10343 | D:9      | Reached skill level 5 in Invocations
 10984 | D:9      | Noticed a gargoyle
 11013 | D:9      | Killed a gargoyle
 11638 | D:9      | Noticed an orange crystal statue
 11639 | D:9      | Noticed a two-headed ogre
 11922 | Lair:1   | Entered Level 1 of the Lair of Beasts
 12318 | Lair:1   | Reached ** piety under Makhleb
 12641 | Lair:1   | Reached skill level 12 in Staves
 13118 | Lair:1   | Gained mutation: Your flesh is heat resistant. (rF+) [demonic ancestry]
 13118 | Lair:1   | Reached XP level 11. HP: 33/81 MP: 8/15
 14416 | Lair:2   | Noticed a six-headed hydra
 14433 | Lair:2   | Killed a six-headed hydra
 15223 | Lair:3   | Found a staircase to the Shoals.
 15539 | Lair:3   | Reached *** piety under Makhleb
 15702 | Lair:3   | Noticed a four-headed hydra
 15731 | Lair:3   | Killed a four-headed hydra
 16102 | Lair:3   | Found a staircase to the Snake Pit.
 16345 | Lair:3   | Noticed a catoblepas
 16716 | Lair:4   | Reached XP level 12. HP: 89/91 MP: 16/19
 16940 | Lair:4   | Reached skill level 10 in Invocations
 16961 | Lair:4   | Reached skill level 1 in Evocations
 17186 | Lair:4   | HP: 2/91 [dream sheep (20)]
 17193 | Lair:4   | Reached skill level 13 in Staves
 17539 | Lair:4   | Noticed WhatIsLove's ghost (journeyman DEFE)
 17565 | Lair:4   | Killed WhatIsLove's ghost
 18459 | Lair:6   | Entered Level 6 of the Lair of Beasts
 18506 | Lair:5   | Reached **** piety under Makhleb
 18696 | Lair:6   | HP: 4/92 [polar bear (11)]
 18702 | Lair:6   | HP: 4/92 [poisoned by a water moccasin]
 18710 | Lair:5   | HP: 4/92 [poisoned by a water moccasin]
 19887 | Lair:5   | Learned a level 5 spell: Bolt of Magma
 20193 | Lair:5   | Reached skill level 14 in Staves
 20220 | Lair:5   | Slain by a komodo dragon

Vault maps used:
D:1:      dpeg_arrival_radiant
D:2:      gammafunk_temple_overflow_statue, okawaru_ov_weapons_minmay
D:3:      gammafunk_temple_overflow_elements,
          chequers_ecumenical_altar_simple_redux, uniq_natasha, uniq_grinder,
          uniq_ijyb
D:4:      kennysheep_mini_moat, nemelex_spade_bored_becter
D:5:      first_bread
D:6:      serial_shops, shop, st_stairs_1, uniq_prince_ribbit1
D:7:      minmay_temple_entry_statues_pillars, nicolae_ossuary_entry_plus,
          uniq_pikel
D:8:      uniq_maurice
D:9:      bloody_trog, lair_entry_dummy, david_orc_1_choice,
          minmay_statue_crystal_thing
Temple:   eino_temple_rhombus
Lair:2:   nicolae_quartered_pool_super, infiniplex_staircase_pool
Lair:3:   minmay_lair_venomous_thicket, shoals_dummy_entry,
          guppyfry_snake_entry_island, beast_lair_carwin_11
Lair:4:   minmay_lair_oklob_chamber
Lair:5:   dpeg_slime_entry_corner, basic_altar, bh_chokoban
Lair:6:   grunt_lair_end_beastmaster
Ossuary:  ossuary_tomb_3

Skill      XL: |  1  2  3  4  5  6  7  8  9 10 11 12 |
---------------+-------------------------------------+-----
Staves         | 3 4 6 7 8 10 11 12 14 | 14.0
Armour         | 1 2 3 4 6 7 9 |  9.0
Dodging        | 3 4 |  4.4
Fighting       | 3 4 6 7 8 |  8.5
Invocations    | 3 6 9 10 | 10.0
Evocations     | 3 |  3.7
Throwing       | |  1.7

Action                   |  1- 3 |  4- 6 |  7- 9 | 10-12 || total
-------------------------+-------+-------+-------+-------++-------
Melee: Quarterstaff      |   167 |   173 |   596 |  1530 ||  2466
Throw: Throwing net      |     1 |     2 |     3 |     2 ||     8
Evoke: Wand              |       |       |       |     2 ||     2
  Use: Potion            |       |       |     1 |     5 ||     6
       Scroll            |       |       |       |    21 ||    21
 Stab: Held in net/web   |     2 |       |       |     1 ||     3
       Distracted        |       |       |     2 |     9 ||    11
       Invisible         |       |       |       |     1 ||     1
  Eat: Chunk             |     4 |     5 |     8 |    16 ||    33
       Fruit             |       |       |     5 |     2 ||     7
       Bread ration      |       |       |     1 |     5 ||     6
Armor: Chain mail        |   147 |    87 |   364 |   882 ||  1480
       Leather armour    |     1 |       |       |       ||     1
Dodge: Dodged            |    61 |    43 |   201 |   544 ||   849
